 Seeded DCSS version 0.28-a0-1038-g9c4cb8273d (webtiles) character file.

Game seed: 20211204 (custom seed)

6 a11behringer the Skirmisher (level 1, 0/18 HPs)
             Began as a Demigod Fighter on Dec 8, 2021.
             Slain by a goblin (1 damage)
             ... on level 1 of the Dungeon.
             The game lasted 00:00:31 (78 turns).

a11behringer the Skirmisher (Demigod Fighter)         Turns: 78, Time: 00:00:36

Health: 0/18       AC:  6    Str: 17    XL:     1   Next: 60%
Magic:  3/3        EV:  9    Int: 10    God:
Gold:   0          SH:  4    Dex: 13    Spells: 0/0 levels left

rFire   . . .      SeeInvis .   a - +0 trident
rCold   . . .      Faith    .   c - +0 buckler
rNeg    . . .      Spirit   .   b - +0 scale mail
rPois   .          Reflect  .   (no helmet)
rElec   .          Harm     .   (no cloak)
rCorr   .          Rampage  .   (no gloves)
Will    .....                   (no boots)
Stlth   ..........              (no amulet)
HPRegen 0.06/turn               (no ring)
MPRegen 0.08/turn               (no ring)

@: no status effects
A: high mp 1, forlorn, divine attributes
a: no special abilities


You were on level 1 of the Dungeon.
You visited 1 branch of the dungeon, and saw 1 of its levels.

Inventory:

Hand Weapons
 a - a +0 trident (weapon)
Armour
 b - a +0 scale mail (worn)
 c - a +0 buckler (worn)
Potions
 d - a potion of might
 e - a potion of mutation {unknown}
 f - a potion of attraction {unknown}


   Skills:
 + Level 2.8 Fighting
 * Level 2.0 Polearms
 + Level 2.7 Armour
 + Level 2.7 Shields


You couldn't memorise any spells.
You didn't know any spells.
Your spell library was empty.

Dungeon Overview and Level Annotations

Branches:
Dungeon (1/15)

Shops:
D:1 !


Innate Abilities, Weirdness & Mutations

You have an increased reservoir of magic. (+10% MP)
You shall have no god before yourself.
Your divine heritage dramatically boosts your attributes as you level up.


Message History

You are too injured to fight recklessly!
You are too injured to fight recklessly!
You are too injured to fight recklessly!
You are too injured to fight recklessly!
You closely miss the ball python. The goblin hits you but does no damage.
The ball python barely misses you. The ball python grabs you.
The ball python constricts you.
The goblin hits you with a +2 dagger of speed. x2
You closely miss the ball python. The ball python bites you.
The ball python constricts you. You block the goblin's attack.
The ball python bites you but does no damage.
The ball python constricts you.
The goblin hits you with a +2 dagger of speed.
* * * LOW HITPOINT WARNING * * *
You closely miss the ball python. The ball python completely misses you.
The ball python constricts you. The goblin hits you but does no damage.
The ball python bites you but does no damage.
The ball python constricts you.
You closely miss the ball python.
The goblin hits you with a +2 dagger of speed.
* * * LOW HITPOINT WARNING * * *
The ball python bites you but does no damage.
The ball python constricts you. You block the goblin's attack.
You barely miss the ball python.
The ball python bites you but does no damage.
The ball python constricts you.
The goblin hits you but does no damage. x2
The ball python bites you but does no damage.
The ball python constricts you.
You completely miss the ball python. The goblin barely misses you.
The ball python bites you.
* * * LOW HITPOINT WARNING * * *
The ball python constricts you. The goblin completely misses you.
An endoplasm comes into view.
The endoplasm quivers.
You puncture the ball python!
You kill the ball python!
The goblin hits you with a +2 dagger of speed.
* * * LOW HITPOINT WARNING * * *
The goblin hits you with a +2 dagger of speed.
You die...

.. .# ..##### .#
..
.......##.####...
.................
...............
.............
#)........∩.
#.@g........ .
#.......J...
..####...........
.................
##.#....#########
##.#....#
######........#
#.............#
####.............#


You could see an endoplasm and a goblin.

Vanquished Creatures
  An endoplasm (D:1)
  A goblin (D:1)
  2 hobgoblins (D:1)
  A ball python (D:1)
  A rat (D:1)
6 creatures vanquished.

Notes
Turn   | Place    | Note
-------+----------+-------------------------------------------
     0 | D:1      | a11behringer the Demigod Fighter began the quest for the
                  | Orb.
     0 | D:1      | Reached XP level 1. HP: 18/18 MP: 3/3
    57 | D:1      | Found Waups's Distillery.
    78 | D:1      | Slain by a goblin

Illustrated notes

Levels and vault maps discovered:
D:1:      dpeg_arrival_prison, layout_basic,
          hellmonk_ecumenical_altar_heavens_door, serial_shops, shop,
          minmay_split_cup_large

Skill      XL: |  1 |
---------------+----+-----
Polearms       | 2 |  2.0
Fighting       | |  2.8
Armour         | |  2.7
Shields        | |  2.7

Action                   || total
-------------------------++-------
Melee: Trident           ||    23
Armor: Scale mail        ||    17
Dodge: Dodged            ||    10
Block: Buckler           ||     5

Table legend: (Time is in decaauts)
 A = Elapsed time spent in this place.
 B = Non-inter-level travel time spent in this place.
 C = Inter-level travel time spent in this place.
 D = Time resting spent in this place.
 E = Time spent auto-exploring this place.
 F = Levels seen in this place.
 G = Mean time per level.
                   A        B        C        D        E       F      G
               +--------+--------+--------+--------+--------+-----+--------+
         Total |     82 |     82 |      0 |      0 |     43 |   1 |   82.0 |
       Dungeon |     82 |     82 |      0 |      0 |     43 |   1 |   82.0 |
               +--------+--------+--------+--------+--------+-----+--------+

Top non-repeatable levels by time:
     D:1: 82 daAuts
